 Dungeon Crawl Stone Soup version 0.16.0-12-g7215832 (webtiles) character file.

339035 Ladykiller69 the Unseen (level 22, -12/175 HPs)
             Began as a Formicid Fighter on Mar 18, 2015.
             Was the Champion of Cheibriados.
             Killed from afar by a fire dragon (55 damage)
             ... with a blast of flame
             ... on level 2 of the Depths.
             The game lasted 03:25:44 (37181 turns).

Ladykiller69 the Unseen (Formicid Fighter)         Turns: 37181, Time: 03:25:44

Health: -12/175    AC: 23    Str: 41    XL:     22   Next: 94%
Magic:  18/37      EV: 22    Int: 34    God:    Cheibriados [******]
Gold:   4633       SH: 25    Dex: 25    Spells: 3 memorised, 14 levels left

rFire  . . .     SeeInvis +     a - +4 executioner's axe (flame)
rCold  + . .     Clarity  +     b - +1 shadow dragon armour
rNeg   . . .     SustAb   .     U - +0 large shield
rPois  +         Gourm    .     (helmet unavailable)
rElec  .         Spirit   .     Y - +2 cloak {rPois}
rCorr  .         Warding  .     H - +0 pair of gloves
rMut   .         Stasis   +     (no boots)
MR     ++...                    g - amulet of clarity
Stlth  +++++++++.               f - ring "Dar Pre" {rC+ Int+6}
                                R - ring of stealth

@: very slow, very resistant to hostile enchantments, incredibly stealthy
A: permanent stasis, dig shafts and tunnels, four strong arms, antennae 3
a: Dig, Shaft Self, Bend Time, Temporal Distortion, Slouch, Step From Time,
Renounce Religion
}: 2/15 runes: decaying, serpentine


You were on level 2 of the Depths.
You worshipped Cheibriados.
Cheibriados was exalted by your worship.
You were hungry.

You visited 8 branches of the dungeon, and saw 45 of its levels.
You also visited: Trove.

You collected 5738 gold pieces.
You spent 1105 gold pieces at shops.

Inventory:

Hand weapons
 a - a +4 executioner's axe of flaming (weapon)
Missiles
 q - 5 tomahawks of returning
 Q - 25 tomahawks (quivered)
Armour
 b - a +1 shadow dragon armour (worn)
 H - a +0 pair of gloves (worn)
 U - a +0 large shield (worn)
 Y - a +2 cloak of poison resistance (worn)
Jewellery
 f - the ring "Dar Pre" (right hand) {rC+ Int+6}
   (You found it in a treasure trove)

   [ring of protection from cold]

   It affects your intelligence (+6).
   It protects you from cold.
 g - an amulet of clarity (around neck)
 i - an uncursed amulet of faith
 r - an uncursed ring of ice
 v - an uncursed ring of poison resistance
 A - an uncursed ring of protection from magic
 C - a +5 ring of protection
 K - an uncursed amulet of resist corrosion
 L - an uncursed ring of protection from fire
 R - a ring of stealth (left hand)
Magical devices
 W - a wand of fireball (5)
 X - a wand of heal wounds (2)
Scrolls
 c - a scroll of silence
 l - 28 scrolls of identify
 n - 11 scrolls of remove curse
 p - a scroll of acquirement
 s - 10 scrolls of recharging
 u - 5 scrolls of fog
 w - 6 scrolls of magic mapping
 x - a scroll of enchant weapon
 O - 4 scrolls of noise
 P - 7 scrolls of fear
Potions
 e - 4 potions of might
 h - 2 potions of beneficial mutation
 j - 4 potions of heal wounds
 k - 10 potions of magic
 o - 16 potions of curing
 t - 9 potions of agility
 D - 4 potions of flight
 E - 3 potions of invisibility
 F - 5 potions of lignification
 G - 4 potions of restore abilities
 J - 5 potions of resistance
 T - 7 potions of brilliance
Books
 m - a book of Changes

   Spells                             Type                      Level
   a - Beastly Appendage              Transmutation                1
   b - Sticks to Snakes               Transmutation                2
   c - Spider Form                    Transmutation/Poison         3
   d - Ice Form                       Ice/Transmutation            4
   e - Blade Hands                    Transmutation                5
 z - a book of Air

   Spells                             Type                      Level
   a - Shock                          Conjuration/Air              1
   b - Swiftness                      Charms/Air                   2
   c - Repel Missiles                 Charms/Air                   2
   d - Flight                         Charms/Air                   3
   e - Static Discharge               Conjuration/Air              3
   f - Lightning Bolt                 Conjuration/Air              5
Miscellaneous
 y - a phantom mirror
Comestibles
 d - 22 bread rations
 B - 17 meat rations


   Skills:
 + Level 15.0 Fighting
 * Level 19.3 Axes
 + Level 15.0 Armour
 + Level 12.1 Dodging
 * Level 20.1 Stealth
 - Level 15.5 Shields
 - Level 14.3 Invocations


You had 14 spell levels left.
You knew the following spells:

 Your Spells              Type           Power        Failure   Level  Hunger
a - Stoneskin             Trmt/Erth      #.......     28%         2    ###....
b - Shroud of Golubria    Chrm/Tloc      #.........   28%         2    ###....
c - Flight                Chrm/Air       #.........   54%         3    ####...


Dungeon Overview and Level Annotations

Branches:
Dungeon (15/15)            Temple (0/1) D:6            Lair (8/8) D:11
  Swamp (5/5) Lair:5        Snake (5/5) Lair:4        Slime (0/6) Lair:6
    Orc (4/4) D:10            Elf (3/3) Orc:3        Vaults (3/5) D:14
  Crypt (0/3) Vaults:2     Depths (2/5) D:15

Altars:
Ashenzari
Cheibriados
Dithmenos
Elyvilon
Fedhas
Kikubaaqudgha
Makhleb
Qazlal
Sif Muna
Vehumet
Zin
The Shining One
Beogh

Shops:
D:5 =?![   D:7 :   D:11 [   Elf:1 [   Elf:2 ?   Snake:2 [((%   Vaults:2 }%%

Portals:
Hell: Depths:1 Depths:2
Abyss: Depths:1 Depths:2

Annotations:
Elf:3 1 exclusion


Innate Abilities, Weirdness & Mutations

You are under a permanent stasis effect.
You can dig through walls and to a lower floor.
Your four strong arms can wield two-handed weapons with a shield.
You have a pair of large antennae on your head (SInv).


Message History

Cheibriados appreciates the change of pace.
Your Fighting skill increases to level 15!
The spriggan air mage waves its arms in wide circles.
The air twists around and strikes you!
* * * LOW HITPOINT WARNING * * *
The wizard completely misses you.
You closely miss the wizard.
The wizard is lightly wounded.
You slice the fire dragon!!! You burn the fire dragon.
The fire dragon is severely wounded.
You block the wizard's attack. You block the fire dragon's attack.
You block the fire dragon's attack. The fire dragon barely misses you.
You miss the wizard.
The wizard is lightly wounded.
You hit the fire dragon!
The fire dragon is almost dead.
The wizard closely misses you. The fire dragon breathes flames at you.
The blast of flame hits you!
You die...

.#.## #.##
#################### .##
###(#..8...8...8...8.### .#
##...'..........†.†...''.
##
##..)('..........†.....''.
#...))#..8...8...8.).8.###
##....####################.
##....##.i#......## #..
#....##..wD@†.....## { #...
#8..8#....p###.....# { ##..
# #.(..#8...88?##....## #..
# #....#8......}##....# ..
## #8..8#/..._.."8#8..8# .
.#####....##......[##....#
.
....###....##$88(###....##
. ..#####.....######......#
#....###....#†8)8......##


You could see a fire dragon, a torpor snail, a spriggan air mage and a wizard
(invisible).

Vanquished Creatures
  the Lernaean hydra (Swamp:5)
  Norris (Elf:2)
  the Enchantress (Depths:2)
  2 liches
  Asterion (Snake:1)
  A deep elf blademaster (Elf:2)
  A sphinx (Depths:2)
  2 thorn hunters
  Kirke (Elf:2)
  Roxanne (Snake:1)
  A tengu reaver (Vaults:1)
  4 fire giants
  5 frost giants
  Donald (Elf:1)
  7 greater nagas
  5 vault wardens
  An emperor scorpion (shapeshifter) (Depths:2)
  Aizul (Swamp:5)
  5 emperor scorpions
  6 ironheart preservers
  3 spriggan defenders (Depths:2)
  The ghost of asdu the Unseen, a mighty VSBe of Trog (Snake:4)
  9 stone giants
  A very ugly thing (Depths:1)
  A deep elf demonologist (Vaults:2)
  A deep elf annihilator (Vaults:2)
  Azrael (D:14)
  2 dire elephants (Depths:2)
  2 vault guards (Vaults:3)
  2 deep elf death magi (Elf:2)
  An ettin (Depths:1)
  3 fire dragons
  A minotaur (Depths:2)
  12 ogre magi
  6 yaktaur captains
  Fannar (D:10)
  4 rakshasas
  4 great orbs of eyes
  17 naga warriors
  4 anacondas
  An ice dragon (Depths:2)
  The ghost of harcile the Arsonist, a powerful HuFE of Vehumet (D:10)
  2 spriggan air magi (Depths:2)
  29 hydras
  2 ghost crabs
  3 catoblepae
  Erica (D:14)
  2 deep troll earth magi
  12 centaur warriors
  15 death yaks
  14 alligators
  3 tengu warriors
  13 dancing weapons (Elf:2)
  3 spriggan berserkers
  4 naga sharpshooters
  3 deep troll shamans
  4 shock serpents
  A hell knight (Depths:1)
  15 deep elf knights
  4 skeletal warriors (D:14)
  A fire crab (shapeshifter) (Vaults:1)
  A flayed ghost (Depths:1)
  5 salamander mystics
  Erolcha (D:12)
  A wizard (Depths:1)
  2 spriggan druids (Swamp:3)
  4 hill giants
  2 unseen horrors
  7 shambling mangroves
  2 giant orange brains (Depths:2)
  7 deep elf summoners
  3 naga ritualists
  10 swamp dragons
  4 orc knights (Vaults:1)
  8 ironbrand convokers
  27 ugly things
  5 harpies (Vaults:3)
  17 deep trolls
  A necromancer (Vaults:2)
  10 salamanders
  4 mana vipers
  7 cyclopes
  2 hornets
  2 orc sorcerers
  11 deep elf conjurers
  3 wolf spiders (Vaults:1)
  An orb spider (shapeshifter) (Depths:1)
  2 griffons (Vaults:3)
  A phantasmal warrior (Vaults:2)
  9 elephants
  Maurice (Orc:2)
  A manticore (Depths:2)
  28 spiny frogs
  Joseph (D:7)
  An octopode (shapeshifter) (Depths:1)
  An eye of devastation (Lair:6)
  7 vault sentinels
  4 torpor snails
  35 black mambas
  A spectral spriggan (Swamp:4)
  2 guardian serpents
  19 naga magi
  A komodo dragon (shapeshifter) (Vaults:3)
  2 gargoyles
  A tormentor (Vaults:1)
  Psyche (Orc:2)
  5 komodo dragons
  A freezing wraith (Depths:1)
  11 deep elf priests
  4 kobold demonologists
  28 yaktaurs
  7 trolls
  4 fire drakes
  2 polar bears (Lair:6)
  A jumping spider (Elf:2)
  A two-headed ogre (shapeshifter) (Vaults:1)
  14 bog bodies
  A hornet zombie (D:14)
  25 two-headed ogres
  A centaur simulacrum (D:15)
  22 blink frogs
  5 baby alligators
  40 slime creatures
  A spectral ghost crab (Swamp:4)
  5 giant leeches
  21 ravens
  A raiju (shapeshifter) (Depths:2)
  2 boulder beetles
  A trapdoor spider (D:15)
  A tarantella (shapeshifter) (Vaults:1)
  2 redbacks (Elf:2)
  2 wraiths
  2 water elementals (Depths:1)
  3 wyverns
  A basilisk (Lair:2)
  3 shadows
  12 spriggans
  3 tarantellas (Elf:2)
  24 deep elf magi
  A vampire (Vaults:2)
  A fire elemental (D:14)
  3 hogs (Elf:2)
  22 deep elf fighters
  Grum (D:10)
  48 yaks
  17 wolves
  9 hippogriffs
  2 mottled dragons (Vaults:1)
  A soldier ant (D:13)
  27 swamp worms
  A hungry ghost (D:11)
  5 wargs
  Edmund (D:8)
  15 insubstantial wisps
  31 vampire mosquitoes
  65 nagas
  7 porcupines
  12 swamp drakes
  3 hell hounds (D:14)
  2 sky beasts
  50 water moccasins
  A black bear (Lair:6)
  A black bear (shapeshifter) (D:15)
  10 wasps
  5 phantoms
  A spectral blink frog (Swamp:3)
  19 orc warriors
  24 centaurs
  5 ice beasts
  3 eyes of draining
  15 boggarts
  A boring beetle (Lair:3)
  7 big kobolds
  23 crocodiles
  41 ogres
  A wyvern zombie (D:13)
  6 scorpions
  35 giant frogs
  A gnoll sergeant (D:10)
  A wyvern skeleton (D:13)
  18 wights
  12 killer bees
  3 electric eels
  7 crimson imps
  2 quasits
  4 centaur zombies
  A giant frog zombie (D:5)
  A gnoll shaman (D:6)
  2 vampire bats
  An iron imp (D:15)
  17 hounds
  Crazy Yiuf (D:3)
  11 iguanas
  18 orc priests
  3 hell rats
  36 orc wizards
  3 centaur skeletons
  A spectral swamp drake (Swamp:4)
  19 worker ants
  15 sheep
  A killer bee zombie (D:6)
  Ijyb (D:3)
  Jessica (D:3)
  2 hound skeletons
  2 hound zombies
  A worker ant zombie (D:9)
  9 gnolls
  24 adders
  43 river rats
  3 shadow imps
  A worm (D:4)
  3 giant geckos
  168 orcs
  2 ball pythons
  4 bat skeletons (D:6)
  3 bat zombies
  9 giant cockroaches
  24 hobgoblins
  10 jackals
  9 quokkas
  21 bats
  3 giant newts
  2 giant spores
  24 goblins
  29 kobolds
  A quokka zombie (D:7)
  21 rats
  7 ballistomycetes
  5 briar patches (Swamp:4)
  21 fungi
  17 plants
1948 creatures vanquished.

Vanquished Creatures (others)
  A swamp dragon (Swamp:5)
  An ugly thing (Swamp:4)
  2 humans (Elf:2)
  A lost soul (Elf:2)
  A river rat (Lair:4)
  2 giant spores
  A briar patch (Swamp:4)
  12 fungi
  12 plants
33 creatures vanquished.

Grand Total: 1981 creatures vanquished

Notes
Turn   | Place    | Note
--------------------------------------------------------------
     0 | D:1      | Ladykiller69, the Formicid Fighter, began the quest for the Orb.
     0 | D:1      | Reached XP level 1. HP: 18/18 MP: 1/1
   151 | D:1      | Reached XP level 2. HP: 24/24 MP: 3/3
   398 | D:1      | Reached XP level 3. HP: 29/29 MP: 4/4
   931 | D:2      | Reached skill level 4 in Shields
  1029 | D:2      | Reached XP level 4. HP: 37/37 MP: 5/5
  1615 | D:3      | Noticed Ijyb
  1624 | D:3      | Killed Ijyb
  1946 | D:3      | Reached XP level 5. HP: 42/42 MP: 7/7
  1969 | D:3      | Noticed Crazy Yiuf
  1972 | D:3      | Killed Crazy Yiuf
  2079 | D:3      | Noticed Jessica
  2083 | D:3      | Killed Jessica
  2355 | D:4      | Reached skill level 5 in Shields
  2355 | D:4      | Reached XP level 6. HP: 47/49 MP: 8/8
  2480 | D:4      | Found a blossoming altar of Fedhas.
  2570 | D:4      | Reached XP level 7. HP: 55/55 MP: 9/9
  2595 | D:4      | Noticed an orc warrior
  2606 | D:4      | Reached skill level 5 in Fighting
  2624 | D:4      | Killed an orc warrior
  2624 | D:4      | Reached skill level 6 in Shields
  2773 | D:4      | Reached skill level 5 in Axes
  2790 | D:4      | Noticed an ogre
  2793 | D:4      | Killed an ogre
  2869 | D:4      | Found a shadowy altar of Dithmenos.
  2892 | D:4      | Reached XP level 8. HP: 56/62 MP: 11/11
  3137 | D:4      | Reached skill level 7 in Shields
  3214 | D:5      | Entered Level 5 of the Dungeon
  3442 | D:5      | Reached skill level 8 in Shields
  3551 | D:5      | Found Ihyla's Distillery.
  3562 | D:5      | Bought a potion of curing for 39 gold pieces
  3562 | D:5      | Bought a potion of resistance for 130 gold pieces
  3573 | D:5      | Found a white marble altar of Elyvilon.
  3654 | D:5      | Found Ocaluy's Armour Shoppe.
  3780 | D:5      | Found Pavuosuo's Jewellery Boutique.
  3848 | D:5      | Found Thacease's Magic Scroll Shoppe.
  3904 | D:5      | Found a shattered altar of Ashenzari.
  4016 | D:6      | Reached XP level 9. HP: 63/68 MP: 12/12
  4149 | D:6      | Reached skill level 9 in Shields
  4231 | D:6      | Found a snail-covered altar of Cheibriados.
  4260 | D:6      | Became a worshipper of Cheibriados the Contemplative
  4470 | D:6      | Found a staircase to the Ecumenical Temple.
  4529 | D:6      | Found a glowing golden altar of the Shining One.
  4755 | D:6      | Found a glowing silver altar of Zin.
  4829 | D:6      | Found an ancient bone altar of Kikubaaqudgha.
  4832 | D:6      | Acquired Cheibriados' first power
  5070 | D:8      | Reached skill level 1 in Invocations
  5071 | D:8      | Reached skill level 1 in Dodging
  5176 | D:8      | Noticed Edmund
  5201 | D:8      | Reached XP level 10. HP: 63/76 MP: 14/16
  5259 | D:7      | Reached skill level 5 in Armour
  5267 | D:7      | Found a radiant altar of Vehumet.
  5645 | D:7      | Acquired Cheibriados' second power
  5746 | D:7      | Noticed Joseph
  5754 | D:7      | Killed Joseph
  6145 | D:7      | Found Gysaoh's Book Boutique.
  6809 | D:8      | Acquired Cheibriados' third power
  6809 | D:8      | Reached skill level 10 in Axes
  6864 | D:8      | Killed Edmund
  6941 | D:8      | Found a deep blue altar of Sif Muna.
  7028 | D:9      | Found a roughly hewn altar of Beogh.
  7195 | D:9      | Reached XP level 11. HP: 83/83 MP: 19/21
  7536 | D:8      | Found a burning altar of Makhleb.
  7558 | D:9      | Acquired Cheibriados' fourth power
  7802 | D:9      | Found a stormy altar of Qazlal.
  7992 | D:10     | Entered Level 10 of the Dungeon
  8009 | D:10     | Reached skill level 5 in Invocations
  8017 | D:10     | Noticed harcile's ghost (powerful HuFE)
  8031 | D:10     | Killed harcile's ghost
  8556 | D:10     | Noticed Fannar
  8579 | D:10     | Killed Fannar
  8579 | D:10     | Reached skill level 11 in Axes
  8924 | D:10     | Found a staircase to the Orcish Mines.
  8931 | Orc:1    | Entered Level 1 of the Orcish Mines
  9440 | Orc:2    | Noticed Maurice
  9447 | Orc:2    | Killed Maurice
  9508 | Orc:4    | Entered Level 4 of the Orcish Mines
  9605 | Orc:3    | Found a staircase to the Elven Halls.
 10013 | Orc:2    | Noticed Psyche
 10021 | Orc:2    | Killed Psyche
 10366 | Orc:3    | Reached XP level 12. HP: 73/93 MP: 24/24
 10464 | Orc:4    | Reached skill level 5 in Dodging
 10485 | Orc:4    | Found a roughly hewn altar of Beogh.
 10579 | Orc:4    | Found a roughly hewn altar of Beogh.
 10658 | Orc:4    | Found a roughly hewn altar of Beogh.
 10890 | D:10     | Noticed Grum
 10896 | D:10     | Killed Grum
 10896 | D:10     | Reached skill level 1 in Stealth
 11092 | D:11     | Noticed a seven-headed hydra
 11110 | D:11     | Killed a seven-headed hydra
 11208 | D:11     | Found Iginacie's Antique Armour Emporium.
 11371 | D:11     | Identified a scroll of acquirement
 11629 | D:11     | Found a staircase to the Lair.
 11642 | D:11     | Reached skill level 12 in Axes
 11648 | Lair:1   | Entered Level 1 of the Lair of Beasts
 12156 | Lair:1   | Reached skill level 5 in Stealth
 12519 | Lair:2   | Reached XP level 13. HP: 101/101 MP: 26/26
 13376 | Lair:3   | Got a clouded ruby amulet
 13377 | Lair:3   | Identified the amulet of the Sunfish {Spirit -Cast +Blink rElec rF+} (You found it on level 3 of the Lair of Beasts)
 13761 | Lair:4   | Found a staircase to the Snake Pit.
 14099 | Lair:5   | Reached skill level 13 in Axes
 14187 | Lair:5   | Found a staircase to the Swamp.
 14436 | Lair:6   | Found a staircase to the Slime Pits.
 14720 | Lair:6   | Reached XP level 14. HP: 104/109 MP: 28/28
 14884 | Lair:6   | Reached skill level 10 in Fighting
 14988 | Lair:5   | Noticed a fire dragon
 14995 | Lair:5   | Killed a fire dragon
 15616 | Lair:7   | Reached skill level 10 in Stealth
 15796 | Lair:7   | Got a heavily runed plate armour
 15807 | Lair:7   | Identified the cursed +0 plate armour "Zocytuer" {rF- Slay+4 SInv} (You found it on level 7 of the Lair of Beasts)
 15931 | Lair:8   | Entered Level 8 of the Lair of Beasts
 16068 | Lair:8   | Reached skill level 10 in Armour
 16348 | Lair:8   | Reached skill level 14 in Axes
 16426 | Lair:8   | Reached XP level 15. HP: 102/117 MP: 29/29
 16710 | Lair:8   | Reached skill level 10 in Invocations
 16968 | Swamp:1  | Entered Level 1 of the Swamp
 17048 | Swamp:1  | Upgraded the game from 0.16.0-11-gd45b091 to 0.16.0-12-g7215832
 18363 | Swamp:2  | Reached XP level 16. HP: 125/125 MP: 31/31
 19054 | Swamp:4  | Reached skill level 15 in Axes
 19364 | Swamp:4  | Noticed a thorn hunter
 19382 | Swamp:4  | Killed a thorn hunter
 19842 | Swamp:5  | Entered Level 5 of the Swamp
 19918 | Swamp:5  | Noticed Aizul
 20298 | Swamp:5  | Killed Aizul
 20646 | Swamp:5  | Reached XP level 17. HP: 99/133 MP: 32/32
 20761 | Swamp:5  | Noticed the 27-headed Lernaean hydra
 20815 | Swamp:4  | Reached skill level 15 in Stealth
 21009 | Snake:1  | Entered Level 1 of the Snake Pit
 21047 | Snake:1  | Noticed Asterion
 21055 | Snake:1  | Killed Asterion
 21186 | Snake:1  | Noticed Roxanne
 21640 | Snake:3  | Reached skill level 10 in Shields
 22044 | Snake:4  | Reached skill level 16 in Axes
 22248 | Snake:4  | Noticed asdu's ghost (mighty VSBe)
 22260 | Snake:4  | Killed asdu's ghost
 22419 | Snake:5  | Entered Level 5 of the Snake Pit
 22552 | Snake:5  | Reached XP level 18. HP: 42/141 MP: 3/33
 22706 | Snake:5  | Got a pair of encrusted boots
 22712 | Snake:5  | Identified the cursed -5 pair of boots of Listlessness {rC+ Slay+2 Stlth+} (You found it on level 5 of the Snake Pit)
 23051 | Snake:2  | Found Ynnucvaw's Armour Emporium.
 23169 | Snake:2  | Found Kluetu's Food Shoppe.
 23377 | Snake:2  | Found Kaul's Weapon Boutique.
 23385 | Snake:2  | Found Semar's Antique Weapon Shop.
 23629 | Snake:5  | Reached skill level 15 in Shields
 23773 | Snake:5  | HP: 5/141 [greater naga/poison arrow (21)]
 23796 | Snake:5  | HP: 5/141 [naga warrior/spear (6)]
 24203 | Snake:5  | Got a serpentine rune of Zot
 24431 | Snake:1  | Killed Roxanne
 24441 | Snake:1  | Learned a level 2 spell: Stoneskin
 24687 | Elf:1    | Entered Level 1 of the Elven Halls
 24718 | Elf:1    | Identified Vehumet's Volume of Confrontation
 24917 | Elf:1    | Noticed Donald
 24958 | Elf:1    | Killed Donald
 24958 | Elf:1    | Reached skill level 10 in Dodging
 25014 | Elf:1    | Found Hyxkos' Antique Armour Emporium.
 25347 | Elf:2    | Noticed Kirke
 25353 | Elf:2    | Killed Kirke
 25353 | Elf:2    | Reached XP level 19. HP: 89/148 MP: 34/34
 25489 | Elf:2    | Found Kleol's Magic Scroll Shoppe.
 25579 | Elf:2    | Found a runed gate.
 25581 | Elf:2    | Found a runed gate.
 25581 | Elf:2    | Found a runed gate.
 25720 | Elf:3    | Entered Level 3 of the Elven Halls
 26729 | D:12     | Noticed Erolcha
 26736 | D:12     | Killed Erolcha
 26827 | Lair:1   | Learned a level 2 spell: Shroud of Golubria
 27130 | D:13     | Found a portal to a secret trove of treasure.
 28018 | D:14     | Found a gate to the Vaults.
 28045 | D:14     | Noticed Erica
 28049 | D:14     | Killed Erica
 28213 | D:14     | Noticed Azrael
 28221 | D:14     | Killed Azrael
 28690 | D:15     | Entered Level 15 of the Dungeon
 28696 | D:15     | Reached skill level 17 in Axes
 29005 | D:15     | Found a staircase to the Depths.
 29369 | Vaults:1 | Entered Level 1 of the Vaults
 29978 | Vaults:1 | Reached XP level 20. HP: 156/156 MP: 35/35
 30612 | Vaults:2 | Found a staircase to the Crypt.
 31023 | Vaults:2 | Found Mosuffynes' Food Emporium.
 31093 | Vaults:2 | Found Hiruatawn's Food Shop.
 31096 | Vaults:2 | Found Pleo's Gadget Emporium.
 31099 | Vaults:2 | Bought a wand of heal wounds (5) for 756 gold pieces
 31246 | Vaults:3 | Reached skill level 18 in Axes
 31438 | Vaults:3 | Reached XP level 21. HP: 164/164 MP: 36/36
 31920 | Elf:2    | Bought a scroll of teleportation for 45 gold pieces
 31920 | Elf:2    | Bought 3 scrolls of teleportation for 135 gold pieces
 32437 | Elf:2    | Noticed Norris
 32468 | Elf:2    | Killed Norris
 33943 | D:13     | You paid a toll of 13 scrolls of teleportation to enter a treasure trove
 33944 | Trove    | Entered a treasure trove
 33968 | Trove    | Got a sparkling bronze ring
 33972 | Trove    | Got a spiked troll leather armour
 33984 | Trove    | Identified the ring "Dar Pre" {rC+ Int+6} (You found it in a treasure trove)
 33997 | Trove    | Identified the +1 troll leather armour of Reason {Regen+ MP-9 Dex+5} (You found it in a treasure trove)
 34628 | Swamp:5  | Killed the 25-headed Lernaean hydra
 34636 | Swamp:5  | Got a decaying rune of Zot
 35365 | Depths:1 | Entered Level 1 of the Depths
 35443 | Depths:1 | Learned a level 3 spell: Flight
 35879 | Depths:1 | Reached skill level 19 in Stealth
 35892 | Depths:1 | Reached XP level 22. HP: 167/173 MP: 37/37
 36054 | Depths:1 | Found a gateway to Hell.
 36207 | Depths:1 | Found a one-way gate to the infinite horrors of the Abyss.
 36475 | Depths:2 | Noticed the Enchantress
 36493 | Depths:2 | Killed the Enchantress
 36500 | Depths:2 | Got a faerie dragon armour
 36522 | Depths:1 | Identified the +2 faerie dragon armour {Regen+ MP+10} (You took it off the Enchantress on level 2 of the Depths)
 36891 | Depths:2 | Reached skill level 20 in Stealth
 37157 | Depths:2 | Found a snail-covered altar of Cheibriados.
 37169 | Depths:2 | Reached skill level 15 in Armour
 37179 | Depths:2 | Reached skill level 15 in Fighting
 37181 | Depths:2 | Killed from afar by a fire dragon

Action                   |  1- 3 |  4- 6 |  7- 9 | 10-12 | 13-15 | 16-18 | 19-21 | 22-24 || total
-------------------------+-------+-------+-------+-------+-------+-------+-------+-------++-------
Melee: War axe           |    90 |   128 |    26 |       |       |       |       |       ||   244
       Battleaxe         |       |       |   262 |   713 |   551 |   639 |   651 |       ||  2816
       Flail             |       |       |       |     5 |       |       |       |       ||     5
       Dire flail        |       |       |       |       |    18 |     2 |       |       ||    20
       Executioner's axe |       |       |       |       |       |       |   152 |   216 ||   368
Throw: Tomahawk          |       |       |       |     1 |       |       |     1 |       ||     2
Invok: Slouch            |       |       |       |     3 |     1 |     7 |     6 |     2 ||    19
       Bend Time         |       |       |       |     1 |       |     1 |     1 |     1 ||     4
       Step From Time    |       |       |       |       |       |     5 |     1 |     2 ||     8
       Temporal Distorti |       |       |       |       |       |     2 |       |       ||     2
 Abil: Dig               |       |       |     2 |    14 |    13 |    22 |    18 |     5 ||    74
Evoke: Wand              |       |       |       |       |       |       |       |     5 ||     5
  Use: Scroll            |       |       |     3 |     5 |     6 |    23 |     3 |     1 ||    41
       Potion            |       |       |       |     1 |       |    10 |     2 |       ||    13
 Stab: Sleeping          |       |       |       |    17 |    43 |    33 |    68 |     8 ||   169
       Distracted        |       |       |       |       |     3 |     7 |    13 |     2 ||    25
  Eat: Chunk             |       |     5 |    10 |    13 |    14 |    20 |    23 |     4 ||    89
       Pizza             |       |       |       |     3 |       |       |     1 |       ||     4
       Fruit             |       |       |       |     2 |       |       |     3 |       ||     5
       Royal jelly       |       |       |       |       |       |     1 |       |       ||     1
